 Dungeon Crawl Stone Soup version 0.28-a0-589-g333b8329f1 (webtiles) character file.

Game seed: 3317175102004262244

1193 Spaninq the Magician (level 8, -3/45 HPs)
             Began as a Deep Elf Fire Elementalist on Oct 3, 2021.
             Was a Priest of Qazlal.
             Slain by a water moccasin (8 damage)
             ... on level 6 of the Dungeon.
             The game lasted 00:17:01 (5941 turns).

Spaninq the Magician (Deep Elf Fire Elementalist)   Turns: 5941, Time: 00:17:02

Health: -3/45      AC:  3    Str:  5    XL:     8   Next: 20%
Magic:  6/20       EV: 12    Int: 23    God:    Qazlal [***...]
Gold:   285        SH:  4    Dex: 15    Spells: 10/20 levels left

rFire   + + +      SeeInvis .   y - +5 rapier of the Sun {vorpal, rF++}
rCold   . . .      Faith    .   (no shield)
rNeg    . . .      Spirit   .   B - +1 robe "Aludoib" {rF+}
rPois   .          Reflect  .   (no helmet)
rElec   .          Harm     .   r - scarf {repulsion}
rCorr   .          Rampage  .   (no gloves)
Will    .....                   (no boots)
Stlth   +.........              (no amulet)
HPRegen 0.15/turn               l - ring of wizardry
MPRegen 0.17/turn               (no ring)

@: repel missiles
A: no striking features
a: Renounce Religion, Upheaval, Elemental Force


You were on level 6 of the Dungeon.
You worshipped Qazlal.
Qazlal was most pleased with you.
You visited 1 branch of the dungeon, and saw 6 of its levels.
You also visited: Sewer.

You collected 285 gold pieces.

Inventory:

Hand Weapons
 y - the +5 rapier of the Sun (weapon) {vorpal, rF++}
   (You found it on level 4 of the Dungeon)

   It inflicts extra damage upon your enemies.
   rF:        It greatly protects you from fire.
Missiles
 s - 93 stones
Armour
 o - a +2 cloak of preservation
 r - a scarf of repulsion (worn)
 B - the +1 robe "Aludoib" (worn) {rF+}
   (You found it on level 5 of the Dungeon)

   rF:        It protects you from fire.
Jewellery
 l - a ring of wizardry (left hand)
 x - a ring of willpower
Scrolls
 b - 4 scrolls of teleportation {unknown}
 d - 2 scrolls of noise {unknown}
 e - 2 scrolls of brand weapon {unknown}
 g - a scroll of enchant armour {unknown}
 h - a scroll of holy word {unknown}
 i - a scroll of blinking {unknown}
 j - a scroll of fog {unknown}
 m - 3 scrolls of identify {unknown}
 p - a scroll of enchant weapon {unknown}
 w - 2 scrolls of silence {unknown}
 z - a scroll of fear {unknown}
Potions
 a - a potion of might {unknown}
 c - 2 potions of heal wounds {unknown}
 f - a potion of degeneration {unknown}
 k - a potion of cancellation {unknown}
 n - 4 potions of mutation {unknown}
 q - a potion of invisibility {unknown}
 t - 2 potions of brilliance {unknown}
 u - a potion of magic {unknown}
 v - a potion of haste {unknown}
 A - 3 potions of curing {unknown}


   Skills:
 + Level 2.3 Fighting
 - Level 2.4 Dodging
 - Level 2.4 Stealth
 * Level 6.7 Spellcasting
 * Level 5.2 Conjurations
 * Level 6.0 Fire Magic
 * Level 3.6 Earth Magic
 + Level 2.5 Invocations


You had 10 spell levels left.
You knew the following spells:

 Your Spells              Type           Power      Damage    Failure   Level
a - Foxfire               Conj/Fire      100%       2x1d9     1%          1
b - Scorch                Fire           70%        2d8       1%          2
c - Stone Arrow           Conj/Erth      56%        3d10      1%          3
d - Flame Wave            Conj/Fire      33%        3d7       3%          4

Your spell library contained the following spells:

 Spells                   Type           Power      Damage    Failure   Level
 Conjure Flame            Conj/Fire      33%        6-21      1%          3
 Inner Flame              Hex/Fire       21%        N/A       2%          3
 Tukima's Dance           Hex            7%         N/A       10%         3
 Animate Armour           Summ/Erth      32%        N/A       16%         4
 Passage of Golubria      Tloc           N/A        N/A       30%         4
 Yara's Violent Unravell  Hex/Tmut       3%         3d4       61%         5
 Lehudib's Crystal Spear  Conj/Erth      14%        10d5      100%        8


Dungeon Overview and Level Annotations

Branches:
Dungeon (6/15)              Sewer (visited)
 Temple: D:4-7

Altars:
Dithmenos
Hepliaklqana
Okawaru
Qazlal
Wu Jian

Shops:
D:5 :


Message History

Your Fire Magic skill increases to level 6!
Casting: Scorch (safe; 1% risk of failure)
Confirm with . or Enter, or press ? or * to list all spells.
Flames lash the orc.
You kill the orc!
Qazlal accepts your kill.
You feel very sick.
A water moccasin comes into view.
You feel very sick.
You feel sick.
You feel sick.
You feel sick.
You feel sick.
You feel sick.
You feel sick.
You feel sick.
You feel sick.
You are no longer poisoned.
Things that are here:
a +0 giant spiked club; an ogre corpse; a hound corpse
Okay, then.
Okay, then.
Casting: Scorch (safe; 1% risk of failure)
Confirm with . or Enter, or press ? or * to list all spells.
Casting: Flame Wave (dangerous; 3% risk of failure)
Press: ? - help, Dir - look around, f - activate A wave of flame ripples out!
The flame wave engulfs the orc!
You kill the orc!
Qazlal accepts your kill. (Press . to intensify the flame waves.)
A wave of flame ripples out!
The flame wave engulfs the water moccasin!
The water moccasin is heavily wounded.
The water moccasin misses you. The water moccasin bites you.
* * * LOW HITPOINT WARNING * * *
A wave of flame ripples out!
The flame wave engulfs the water moccasin!
The water moccasin is almost dead.
You finish channelling waves of flame.
The water moccasin bites you!
You die...

#.....##. ###.####.
##########.##...
####..........†..## ####
#....########.#### #.. ######
##.# #.# #..#
##.##/####################.######
...))..........S@............<...
##..)#############...........†..#
#### ############.##########..##
#............# ##.#
####.############ ###.##
#.........###############.....
#########..>..................
#################..... ######


You could see a water moccasin.

Vanquished Creatures
  An ice beast (D:5)
  A sky beast (D:5)
  A black bear (D:6)
  A necrophage (D:5)
  An ogre (D:6)
  Blork the orc (D:6)
  2 scorpions (D:6)
  A water moccasin skeleton (D:3)
  A bullfrog zombie (D:5)
  4 hounds
  A centaur skeleton (D:4)
  An iguana (D:5)
  An orc wizard (D:5)
  A scorpion zombie (D:5)
  A hound skeleton (D:4)
  A howler monkey skeleton (D:4)
  13 adders
  An ufetubus (D:5)
  2 worms (D:3)
  4 dart slugs
  15 orcs
  9 bats
  4 endoplasms
  3 giant cockroaches
  4 hobgoblins
  4 jackals
  12 kobolds
  3 quokkas
  13 ball pythons
  3 frilled lizards (Sewer)
  5 goblins
  4 rats
  A foxfire (D:2)
120 creatures vanquished.

Vanquished Creatures (collateral kills)
  A foxfire (Sewer)
1 creature vanquished.

Vanquished Creatures (others)
  110 foxfires
  12 plants (Sewer)
122 creatures vanquished.

Grand Total: 243 creatures vanquished

Notes
Turn   | Place    | Note
-------+----------+-------------------------------------------
     0 | D:1      | Spaninq the Deep Elf Fire Elementalist began the quest for
                  | the Orb.
     0 | D:1      | Reached XP level 1. HP: 10/10 MP: 6/6
   249 | D:1      | Reached XP level 2. HP: 15/15 MP: 0/8
   264 | D:1      | Learned a level 2 spell: Scorch
   426 | D:1      | Found a faded altar of an unknown god.
   431 | D:1      | Became a worshipper of Qazlal Stormbringer
   431 | D:1      | Reached * piety under Qazlal
  1150 | D:2      | Reached XP level 3. HP: 20/20 MP: 6/10
  1282 | D:2      | Found an ornate altar of the Wu Jian Council.
  1939 | D:3      | Reached skill level 1 in Fighting
  1939 | D:3      | Reached XP level 4. HP: 19/25 MP: 3/12
  2062 | D:3      | Found a shadowy altar of Dithmenos.
  2125 | D:3      | Reached ** piety under Qazlal
  2223 | D:3      | Reached XP level 5. HP: 29/29 MP: 10/13
  2271 | D:3      | Found a glowing drain.
  2275 | Sewer    | Entered a sewer
  3910 | D:4      | Identified the +5 rapier of the Sun {vorpal, rF++}
  3932 | D:4      | Learned a level 3 spell: Stone Arrow
  4130 | D:4      | Reached skill level 5 in Spellcasting
  4151 | D:4      | Reached XP level 6. HP: 30/34 MP: 1/15
  4154 | D:4      | Reached *** piety under Qazlal
  4332 | D:4      | Reached skill level 1 in Earth Magic
  4332 | D:4      | Reached skill level 1 in Invocations
  4404 | D:4      | Found an iron altar of Okawaru.
  4630 | D:4      | Found a faded altar of an unknown god.
  4631 | D:4      | Found a hazy altar of Hepliaklqana.
  4632 | D:4      | Found a faded altar of an unknown god.
  4692 | D:5      | Entered Level 5 of the Dungeon
  4733 | D:5      | Found Oray's Book Emporium.
  4755 | D:5      | Reached skill level 5 in Fire Magic
  4947 | D:5      | Learned a level 4 spell: Flame Wave
  4963 | D:5      | Noticed a sky beast
  4963 | D:5      | Noticed an ice beast
  4991 | D:5      | Killed an ice beast
  4992 | D:5      | Reached XP level 7. HP: 34/39 MP: 0/17
  5107 | D:5      | Identified the +1 robe "Aludoib" {rF+}
  5619 | D:6      | Noticed Blork the orc
  5624 | D:6      | Killed Blork the orc
  5763 | D:6      | Reached skill level 5 in Conjurations
  5763 | D:6      | Reached XP level 8. HP: 44/44 MP: 12/19
  5941 | D:6      | Slain by a water moccasin

Illustrated notes

Levels and vault maps discovered:
D:1:      wander_arrival_lonely_grave, layout_basic,
          shapermc_ecumenical_altar_petra
D:2:      layout_loops_ring, basic_altar
D:3:      layout_basic, nicolae_dithmenos_the_darkroom, gup_sewer_entry_spiral,
          chequers_serial_rivers_small_b
D:4:      layout_cave_pools, nicolae_hepliaklqana_ecumenical_no_more,
          okawaru_metal_pillars_1_2
D:5:      layout_rooms, serial_shops, shop
D:6:      layout_rooms, mainiacjoe_overflow_alcove_1,
          nemelex_xobeh_ov_fountains_minmay, minmay_temple_entry_antechambers,
          kennysheep_big_empty_room, uniq_menkaure, uniq_blork_the_orc

Skill      XL: |  1  2  3  4  5  6  7  8 |
---------------+-------------------------+-----
Conjurations   | 2 3 4 5 |  5.2
Fighting       | 1 2 |  2.3
Spellcasting   | 4 5 6 |  6.7
Fire Magic     | 4 5 6 |  6.0
Earth Magic    | 2 3 |  3.6
Invocations    | 1 2 |  2.5
Dodging        | |  2.4
Stealth        | |  2.4

Action                   |  1- 3 |  4- 6 |  7- 9 || total
-------------------------+-------+-------+-------++-------
Melee: Unarmed           |     2 |       |       ||     2
       Dagger            |       |    12 |       ||    12
       Rapier            |       |     8 |     2 ||    10
       Short sword       |       |     3 |       ||     3
 Cast: Foxfire           |    46 |    21 |       ||    67
       Scorch            |    13 |    74 |    39 ||   126
       Stone Arrow       |       |     1 |       ||     1
       Flame Wave        |       |       |     1 ||     1
Armor: Robe              |     3 |    11 |       ||    14
Dodge: Dodged            |     4 |    24 |     4 ||    32
Block: Other             |       |     6 |     2 ||     8

Table legend: (Time is in decaauts)
 A = Elapsed time spent in this place.
 B = Non-inter-level travel time spent in this place.
 C = Inter-level travel time spent in this place.
 D = Time resting spent in this place.
 E = Time spent auto-exploring this place.
 F = Levels seen in this place.
 G = Mean time per level.
                   A        B        C        D        E       F      G
               +--------+--------+--------+--------+--------+-----+--------+
         Total |   6185 |   6063 |    122 |    519 |   4290 |   7 |  883.6 |
       Dungeon |   5089 |   4967 |    122 |    458 |   3565 |   6 |  848.2 |
         Sewer |   1095 |   1095 |      0 |     61 |    725 |   1 | 1095.0 |
               +--------+--------+--------+--------+--------+-----+--------+

Top non-repeatable levels by time:
     D:3: 1317 daAuts
   Sewer: 1095 daAuts
     D:1: 909 daAuts
     D:4: 901 daAuts
     D:2: 822 daAuts
     D:5: 746 daAuts
     D:6: 393 daAuts
